[ AOE2 MATCH · #506359431 ]
UnrankedSpanish vs Incas
Player's team · WIN
Rival team · LOSS
[ REPLAY ANALYSIS · EXTRACTED FROM THE RECORDED GAME ]
Feudal
11:29
Castle
15:30
Imperial
—
| APM avg | 55.2 |
| APM peak | 82 |
| eAPM avg | 15.2 |
| Villagers / military | 33 / 3 |
Focus
⚔️ 7.5% · 🌾 92.5%
Knight ×3
Feudal
14:29
Castle
—
Imperial
—
| APM avg | 50.4 |
| APM peak | 78 |
| eAPM avg | 16.5 |
| Villagers / military | 42 / 3 |
Focus
⚔️ 33.3% · 🌾 66.7%
Unknown (2550) ×14 · Spearman ×3
Match map
Initial resources + every placement click. Lines = walls · curves = elevation contours. ◆ gold · ⬟ stone · ● berries · ✦ relic · ◌ wall gap
Your base· Open — unwalled flank
包皮拉上就是套's base· Open — 3t gap
Smoothed initial terrain · ◌ = detected wall gap · hover for details
Inputs per minute
— 南宁T5电竞 - - 包皮拉上就是套
Build order — 南宁T5电竞
62 actions detected in the replay
| 0:00 | Queue | Villager (Male) |
| 0:01 | Queue | Villager (Male) |
| 0:01 | Queue | Villager (Male) |
| 0:02 | Build | House |
| 0:03 | Build | House |
| 0:06 | Build | House |
| 0:06 | Queue | Villager (Male) |
| 0:07 | Queue | Villager (Male) |
| 0:21 | Build | House |
| 1:27 | Queue | Villager (Male) |
| 1:27 | Queue | Villager (Male) |
| 1:52 | Build | Lumber Camp |
| 1:59 | Queue | Villager (Male) |
| 2:00 | Queue | Villager (Male) |
| 2:53 | Queue | Villager (Male) |
| 2:53 | Queue | Villager (Male) |
| 2:53 | Queue | Villager (Male) |
| 3:22 | Queue | Villager (Male) |
| 3:23 | Queue | Villager (Male) |
| 4:21 | Queue | Villager (Male) |
| 4:21 | Queue | Villager (Male) |
| 4:22 | Queue | Villager (Male) |
| 5:08 | Build | Mill |
| 5:20 | Queue | Villager (Male) |
| 5:21 | Queue | Villager (Male) |
| 5:21 | Queue | Villager (Male) |
| 6:05 | Queue | Villager (Male) |
| 6:06 | Queue | Villager (Male) |
| 6:06 | Queue | Villager (Male) |
| 6:18 | Queue | Villager (Male) |
| 6:18 | Queue | Villager (Male) |
| 7:02 | Queue | Villager (Male) |
| 7:02 | Queue | Villager (Male) |
| 7:02 | Queue | Villager (Male) |
| 7:03 | Queue | Villager (Male) |
| 8:12 | Research | Loom |
| 8:25 | Build | Mining Camp |
| 9:19 | Research | Feudal Age |
| 10:01 | Build | Barracks |
| 10:42 | Build | House |
| 11:29 | Age | Feudal Age |
| 11:33 | Build | Stable |
| 11:37 | Build | Blacksmith |
| 11:54 | Build | Farm |
| 11:58 | Build | Farm |
| 12:51 | Research | Castle Age |
| 13:06 | Build | Mining Camp |
| 14:46 | Build | Farm |
| 14:48 | Queue | Villager (Male) |
| 14:49 | Queue | Villager (Male) |
| 15:30 | Age | Castle Age |
| 15:34 | Queue | Knight |
| 15:34 | Queue | Knight |
| 16:43 | Queue | Villager (Male) |
| 16:44 | Queue | Villager (Male) |
| 17:15 | Queue | Knight |
| 17:59 | Build | Farm |
| 18:04 | Build | Farm |
| 18:31 | Research | Bloodlines |
| 19:06 | Build | Castle |
| 19:24 | Build | Farm |
| 19:57 | Build | Mining Camp |
Build order — 包皮拉上就是套
109 actions detected in the replay
| 0:00 | Queue | Villager (Male) |
| 0:00 | Queue | Villager (Male) |
| 0:01 | Queue | Villager (Male) |
| 0:02 | Build | House |
| 0:04 | Build | Barracks |
| 0:26 | Queue | Villager (Male) |
| 1:12 | Queue | Unit 2550 |
| 1:15 | Queue | Villager (Male) |
| 1:15 | Queue | Villager (Male) |
| 1:55 | Queue | Villager (Male) |
| 1:55 | Queue | Villager (Male) |
| 2:20 | Queue | Villager (Male) |
| 2:28 | Queue | Unit 2550 |
| 2:41 | Queue | Villager (Male) |
| 3:15 | Queue | Villager (Male) |
| 3:15 | Queue | Villager (Male) |
| 3:34 | Queue | Unit 2550 |
| 3:35 | Queue | Unit 2550 |
| 4:26 | Build | House |
| 4:43 | Queue | Villager (Male) |
| 4:44 | Queue | Villager (Male) |
| 5:21 | Queue | Villager (Male) |
| 5:22 | Queue | Unit 2550 |
| 5:46 | Queue | Villager (Male) |
| 6:25 | Queue | Villager (Male) |
| 6:25 | Queue | Villager (Male) |
| 6:52 | Queue | Villager (Male) |
| 6:53 | Queue | Villager (Male) |
| 7:23 | Build | Settlement |
| 7:40 | Queue | Villager (Male) |
| 8:22 | Queue | Villager (Male) |
| 8:35 | Build | Settlement |
| 8:55 | Queue | Villager (Male) |
| 9:14 | Build | Farm |
| 9:17 | Build | Farm |
| 9:19 | Queue | Villager (Male) |
| 9:19 | Queue | Villager (Male) |
| 9:56 | Queue | Unit 2550 |
| 9:58 | Queue | Villager (Male) |
| 10:13 | Build | Farm |
| 10:16 | Build | Farm |
| 10:25 | Queue | Villager (Male) |
| 10:38 | Queue | Villager (Male) |
| 10:47 | Build | Farm |
| 11:02 | Queue | Villager (Male) |
| 11:08 | Queue | Unit 2550 |
| 11:17 | Build | Outpost |
| 11:30 | Build | Outpost |
| 11:32 | Queue | Villager (Male) |
| 11:38 | Queue | Unit 2550 |
| 11:44 | Build | Farm |
| 12:02 | Queue | Villager (Male) |
| 12:12 | Build | Farm |
| 12:19 | Research | Feudal Age |
| 12:19 | Research | Feudal Age |
| 13:06 | Queue | Unit 2550 |
| 13:41 | Queue | Unit 2550 |
| 13:43 | Queue | Villager (Male) |
| 13:50 | Build | Farm |
| 13:50 | Build | Farm |
| 13:50 | Build | Farm |
| 13:51 | Build | Farm |
| 13:51 | Build | Farm |
| 14:29 | Age | Feudal Age |
| 14:49 | Build | Gate |
| 14:52 | Build | Stone Wall |
| 14:59 | Build | Watch Tower |
| 15:02 | Queue | Villager (Male) |
| 15:02 | Queue | Villager (Male) |
| 15:03 | Research | Tech 1402 |
| 15:03 | Research | Tech 1402 |
| 15:15 | Build | Farm |
| 15:32 | Queue | Villager (Male) |
| 15:32 | Queue | Unit 2550 |
| 16:20 | Queue | Villager (Male) |
| 16:21 | Queue | Villager (Male) |
| 16:21 | Queue | Villager (Male) |
| 16:24 | Queue | Spearman |
| 16:24 | Queue | Spearman |
| 16:28 | Build | Stone Wall |
| 16:32 | Build | Stone Wall |
| 16:34 | Build | Stone Wall |
| 16:36 | Build | Stone Wall |
| 16:37 | Build | Stone Wall |
| 16:50 | Queue | Spearman |
| 16:56 | Build | Farm |
| 16:56 | Build | Farm |
| 16:57 | Build | Farm |
| 16:57 | Build | Farm |
| 17:00 | Research | Double-Bit Axe |
| 17:24 | Build | Stone Wall |
| 17:25 | Build | Stone Wall |
| 17:52 | Queue | Villager (Male) |
| 17:53 | Queue | Villager (Male) |
| 17:58 | Build | Market |
| 18:03 | Build | Blacksmith |
| 18:19 | Build | Palisade Wall |
| 18:32 | Queue | Villager (Male) |
| 18:35 | Build | Palisade Wall |
| 18:39 | Queue | Villager (Male) |
| 18:51 | Build | Palisade Wall |
| 18:56 | Research | Loom |
| 19:09 | Build | House |
| 19:13 | Build | House |
| 19:20 | Build | House |
| 19:26 | Research | Castle Age |
| 19:30 | Queue | Unit 2550 |
| 19:31 | Queue | Unit 2550 |
| 19:31 | Queue | Unit 2550 |
Match timeline
| 0:04 | 包皮拉上就是套 · first_building Barracks |
| 10:01 | 南宁T5电竞 · first_building Barracks |
| 11:29 | 南宁T5电竞 · age_up feudal |
| 11:33 | 南宁T5电竞 · first_building Stable |
| 14:29 | 包皮拉上就是套 · age_up feudal |
| 14:52 | 包皮拉上就是套 · wall_segment Stone Wall x1 |
| 15:30 | 南宁T5电竞 · age_up castle |
| 16:28 | 包皮拉上就是套 · wall_segment Stone Wall x1 |
| 16:32 | 包皮拉上就是套 · wall_segment Stone Wall x1 |
| 16:34 | 包皮拉上就是套 · wall_segment Stone Wall x1 |
| 16:36 | 包皮拉上就是套 · wall_segment Stone Wall x1 |
| 16:37 | 包皮拉上就是套 · wall_segment Stone Wall x1 |
| 17:24 | 包皮拉上就是套 · wall_segment Stone Wall x1 |
| 17:25 | 包皮拉上就是套 · wall_segment Stone Wall x1 |
| 18:19 | 包皮拉上就是套 · wall_segment Palisade Wall x15 |
| 18:35 | 包皮拉上就是套 · wall_segment Palisade Wall x9 |
| 18:51 | 包皮拉上就是套 · wall_segment Palisade Wall x3 |
| 19:06 | 南宁T5电竞 · first_building Castle |
| 20:10 | 包皮拉上就是套 · resign |
[ AI ANALYSIS · 1 CREDIT ]
What really happened in this match?
Wolo.gg analyzes every decision: build order, eco, micro, common mistakes by bracket. Personalized analysis on WhatsApp or Discord in 30 seconds.
Civ guide
Spanish
Perfil
Jugador #22375469